Influenza vs Ice Dragons
Created - 2 décembre 2014 at 19:07
Goals
|
| Influenza |
3 |
0 |
3 |
6 |
| Ice Dragons |
0 |
1 |
0 |
1 |
|
Shots
|
| Influenza |
17 |
11 |
14 |
42 |
| Ice Dragons |
11 |
15 |
5 |
31 |
|
1st period
1. Influenza , Robbie Earl 18 (Martins Karsums, Ryan Carter) at 13:19 (PP)
2. Influenza , Noah Welch 2 (Mathieu Carle) at 15:03
3. Influenza , Mathieu Carle 3 (Ryan Carter, Robbie Earl) at 19:20 (PP)
Penalties :
Brad Staubitz (Kin) for Tripping (Minor) at 12:47, Mats Zuccarello (Kin) for Hooking (Minor) at 19:11
2nd period
4. Ice Dragons , Shean Donovan 12 (Nigel Dawes, Boris Valabik) at 11:04
Penalties :
Niklas Sundstrom (Kin) for Hooking (Minor) at 4:37
3rd period
5. Influenza , Zac Dalpe 8 (Jeremy Morin) at 10:05
6. Influenza , Robbie Earl 19 (Ryan Carter, Martins Karsums) at 10:21
7. Influenza , Ryan Carter 20 (Martins Karsums) at 17:12
Penalties :
Martins Karsums (VJB) for High sticking (Minor) at 5:42, Brad Staubitz (Kin) for Hooking (Minor) at 7:53, Ben Smith (VJB) for Elbowing (Minor) at 12:45
Goalie Stats
Alex Stalock (VJB), 30 saves from 31 shots - (0,968), W, 9-11-2, 60:00 minutes
Anders Nilsson (Kin), 36 saves from 42 shots - (0,857), L, 4-2-1, 60:00 minutes
Players Stats for Influenza
Player Name G A P +/- PIM S H SB GA TA FO MP PP MP PK MP
------------------------------------------------------------------------------------
Adam Berti 0 0 0 1 0 1 3 0 0 0 0/0 9:32 0:00 1:28
Andreas Engqvist 0 0 0 1 0 2 1 0 0 1 0/3 8:04 0:00 0:00
Ben Smith 0 0 0 0 2 2 0 1 1 0 0/0 17:49 1:41 0:00
Brian Salcido 0 0 0 1 0 1 0 1 0 0 0/0 12:49 0:00 0:00
Carl Gunnarsson 0 0 0 0 0 2 0 0 1 0 0/0 19:41 1:28 1:31
Cody McCormick 0 0 0 0 0 3 0 0 0 0 6/8 17:39 1:41 0:00
Colby Robak 0 0 0 1 0 3 0 2 0 0 0/0 12:49 0:00 0:00
Corey Tropp 0 0 0 1 0 0 0 0 1 0 0/1 9:59 0:05 1:30
Eric Wellwood 0 0 0 0 0 0 1 1 0 0 0/0 10:48 0:00 0:21
Jeremy Morin 0 1 1 0 0 3 0 0 0 0 0/0 10:41 0:05 0:00
Jordan Schroeder 0 0 0 0 0 0 0 0 0 0 0/0 0:53 0:00 0:53
Juraj Mikus 0 0 0 0 0 0 0 0 0 0 0/0 0:00 0:00 0:00
Martins Karsums 0 3 3 2 2 2 3 0 0 1 2/3 20:23 2:53 0:57
Mathieu Carle 1 1 2 2 0 2 3 2 0 0 0/0 27:30 3:11 2:27
Matt Corrente 0 0 0 0 0 2 2 1 0 1 0/0 19:41 1:28 1:31
Noah Welch 1 0 1 2 0 7 1 2 2 0 0/0 27:30 3:11 2:27
Robbie Earl 2 1 3 2 0 4 2 0 0 0 3/6 21:38 2:53 2:11
Ryan Carter 1 3 4 2 0 6 1 0 2 0 16/35 20:14 2:53 0:36
Ryan Russell 0 0 0 0 0 1 1 0 1 0 0/1 17:39 1:41 0:00
Zac Dalpe 1 0 1 0 0 1 0 1 0 0 3/4 10:41 0:05 0:00
Players Stats for Ice Dragons
Player Name G A P +/- PIM S H SB GA TA FO MP PP MP PK MP
------------------------------------------------------------------------------------
Boris Valabik 0 1 1 -1 0 0 4 3 0 0 0/0 24:32 2:19 3:04
Brad Staubitz 0 0 0 0 4 1 1 0 0 0 0/0 8:29 0:00 0:00
Brayden McNabb 0 0 0 0 0 1 0 1 0 0 0/0 7:50 0:00 0:00
Cal Clutterbuck 0 0 0 -2 0 0 1 2 0 1 1/3 20:48 2:09 0:59
Danny Syvret 0 0 0 0 0 0 0 1 0 0 0/0 18:00 1:39 1:35
Eric Mestery 0 0 0 0 0 0 0 0 0 0 0/0 7:50 0:00 0:00
Jeff Tambellini 0 0 0 -2 0 3 0 1 0 0 1/1 21:07 1:49 1:33
John Mitchell 0 0 0 0 0 1 2 0 0 0 3/5 8:49 0:00 0:21
Jonathan Blum 0 0 0 -2 0 0 0 1 0 0 0/0 11:29 1:39 0:00
Kevin Klein 0 0 0 -1 0 1 3 1 1 0 0/0 24:32 2:19 3:04
Marc-Antoine Pouliot 0 0 0 0 0 2 0 0 0 1 2/3 11:28 0:00 0:00
Martin Hanzal 0 0 0 -2 0 3 0 2 0 1 18/34 19:49 2:09 0:00
Mats Zuccarello 0 0 0 -1 2 2 0 0 0 0 0/1 15:53 2:09 0:03
Matt Walker 0 0 0 0 0 1 0 0 0 3 0/0 16:09 0:00 1:35
Nigel Dawes 0 1 1 0 0 4 2 0 1 0 4/7 16:01 1:49 2:42
Niklas Sundstrom 0 0 0 -1 2 2 1 1 0 0 0/0 13:41 0:00 0:00
Patrick O'Sullivan 0 0 0 -1 0 1 3 0 0 1 2/7 15:27 1:49 0:00
Shean Donovan 1 0 1 0 0 5 3 1 0 0 0/0 14:10 0:00 2:42
Tim Kennedy 0 0 0 0 0 4 0 0 1 0 0/0 9:35 0:00 0:58
Tyler Eckford 0 0 0 -2 0 0 1 0 0 1 0/0 9:38 0:00 0:00
3 Stars
1 - Robbie Earl (VJB)
2 - Ryan Carter (VJB)
3 - Mathieu Carle (VJB)
Power Play
Influenza - 2 on 4 Attempt(s) - 50,00%
Ice Dragons - 0 on 2 Attempt(s) - 0,00%
Penalty Kill
Influenza - 2 on 2 Attempt(s) - 100,00%
- Score 0 goal in Penalty Kill
Ice Dragons - 2 on 4 Attempt(s) - 50,00%
- Score 0 goal in Penalty Kill
Official
Referees : Auger Stephane and Hasenfratz Mike
Linesman : Jonny Murray and Mike Cvik
Game Notes
4:06 of 2nd period - Ice Dragons goal is going for a video replay. After video review, No Goal. The referee deems the play has been stopped, even if he had not physically had the opportunity to stop play by blowing his whistle.
Finance
Level 1 -- Attendance: 1342 (67,10%) -- Ticket Income 46 970 $
Level 2 -- Attendance: 714 (71,40%) -- Ticket Income 10 710 $
Total Attendance: 2056 (68,53%)
Total Ticket Income: 57 680 $
Other Income: 2 884 $
Total Income: 60 564 $
Influenza
5 vs 5 Forward
Center Left Wing Right Wing Time % Phy DF OF
1 Ryan Carter Robbie Earl Martins Karsums 40 1 2 2
2 Cody McCormick Ryan Russell Ben Smith 30 1 2 2
3 Zac Dalpe Eric Wellwood Jeremy Morin 20 1 2 2
4 Andreas Engqvist Adam Berti Corey Tropp 10 1 2 2
5 vs 5 Defense
Defense Defense Time % Phy DF OF
1 Noah Welch Mathieu Carle 40 1 2 2
2 Matt Corrente Carl Gunnarsson 30 1 2 2
3 Brian Salcido Colby Robak 20 1 2 2
4 Noah Welch Mathieu Carle 10 1 2 2
PowerPlay Forward
Center Left Wing Right Wing Time % Phy DF OF
1 Ryan Carter Robbie Earl Martins Karsums 60 1 2 2
2 Cody McCormick Ryan Russell Ben Smith 40 1 2 2
PowerPlay Defense
Defense Defense Time % Phy DF OF
1 Noah Welch Mathieu Carle 60 1 2 2
2 Matt Corrente Carl Gunnarsson 40 1 2 2
Penalty Kill 4 Players Forward
Center Wing Time % Phy DF OF
1 Robbie Earl Martins Karsums 60 1 2 2
2 Ryan Carter Ben Smith 40 1 2 2
Penalty Kill 4 Players Defense
Defense Defense Time % Phy DF OF
1 Noah Welch Mathieu Carle 60 1 2 2
2 Matt Corrente Carl Gunnarsson 40 1 2 2
Penalty Kill - 3 Players Forward
Forward Time % Phy DF OF
1 Robbie Earl 60 1 2 2
2 Martins Karsums 40 1 2 2
Penalty Kill - 3 Players Defense
Defense Defense Time % Phy DF OF
1 Noah Welch Mathieu Carle 60 1 2 2
2 Matt Corrente Carl Gunnarsson 40 1 2 2
4 vs 4 Forward
Center Wing Time % Phy DF OF
1 Robbie Earl Martins Karsums 60 1 2 2
2 Ryan Carter Ben Smith 40 1 2 2
4 vs 4 Defense
Defense Defense Time % Phy DF OF
1 Noah Welch Mathieu Carle 60 1 2 2
2 Matt Corrente Carl Gunnarsson 40 1 2 2
Last Minutes Offensive
Center Left Wing Right Wing Defense Defense
Ryan Carter Robbie Earl Martins Karsums Noah Welch Mathieu Carle
Last Minutes Defensive
Center Left Wing Right Wing Defense Defense
Ryan Carter Robbie Earl Martins Karsums Noah Welch Mathieu Carle
Goaltenders
Starting : Alex Stalock
Backup : Olivier Roy
Extra Forwards
Normal : Zac Dalpe, Jeremy Morin, Corey Tropp - PP : Zac Dalpe, Jeremy Morin - PK : Corey Tropp
Extra Defensemen
Normal : Brian Salcido, Colby Robak, Matt Corrente - PP : Brian Salcido - PK : Colby Robak, Matt Corrente
Penalty Shots
Robbie Earl, Martins Karsums, Ryan Carter, Ben Smith, Cody McCormick
Ice Dragons
5 vs 5 Forward
Center Left Wing Right Wing Time % Phy DF OF
1 Martin Hanzal Jeff Tambellini Cal Clutterbuck 40 1 2 2
2 Patrick O'Sullivan Mats Zuccarello Niklas Sundstrom 30 1 2 2
3 Marc-Antoine Pouliot Nigel Dawes Shean Donovan 20 1 2 2
4 John Mitchell Tim Kennedy Brad Staubitz 10 1 2 2
5 vs 5 Defense
Defense Defense Time % Phy DF OF
1 Boris Valabik Kevin Klein 40 1 2 2
2 Matt Walker Danny Syvret 30 1 2 2
3 Tyler Eckford Jonathan Blum 20 1 2 2
4 Brayden McNabb Eric Mestery 10 1 3 1
PowerPlay Forward
Center Left Wing Right Wing Time % Phy DF OF
1 Martin Hanzal Mats Zuccarello Cal Clutterbuck 60 1 1 3
2 Patrick O'Sullivan Nigel Dawes Jeff Tambellini 40 1 1 3
PowerPlay Defense
Defense Defense Time % Phy DF OF
1 Boris Valabik Kevin Klein 60 1 1 3
2 Jonathan Blum Danny Syvret 40 1 1 3
Penalty Kill 4 Players Forward
Center Wing Time % Phy DF OF
1 Nigel Dawes Shean Donovan 60 1 4 0
2 Jeff Tambellini Cal Clutterbuck 40 1 4 0
Penalty Kill 4 Players Defense
Defense Defense Time % Phy DF OF
1 Boris Valabik Kevin Klein 60 1 4 0
2 Matt Walker Danny Syvret 40 1 4 0
Penalty Kill - 3 Players Forward
Forward Time % Phy DF OF
1 Nigel Dawes 60 1 4 0
2 Shean Donovan 40 1 4 0
Penalty Kill - 3 Players Defense
Defense Defense Time % Phy DF OF
1 Boris Valabik Kevin Klein 60 1 4 0
2 Matt Walker Danny Syvret 40 1 4 0
4 vs 4 Forward
Center Wing Time % Phy DF OF
1 Nigel Dawes Niklas Sundstrom 60 1 2 2
2 Jeff Tambellini Patrick O'Sullivan 40 1 2 2
4 vs 4 Defense
Defense Defense Time % Phy DF OF
1 Boris Valabik Kevin Klein 60 1 2 2
2 Matt Walker Danny Syvret 40 1 2 2
Last Minutes Offensive
Center Left Wing Right Wing Defense Defense
Martin Hanzal Jeff Tambellini Cal Clutterbuck Boris Valabik Kevin Klein
Last Minutes Defensive
Center Left Wing Right Wing Defense Defense
Jeff Tambellini Cal Clutterbuck Shean Donovan Matt Walker Kevin Klein
Goaltenders
Starting : Anders Nilsson
Backup : Justin Pogge
Extra Forwards
Normal : Cal Clutterbuck, Mats Zuccarello, Tim Kennedy - PP : Cal Clutterbuck, Mats Zuccarello - PK : Tim Kennedy
Extra Defensemen
Normal : Tyler Eckford, Jonathan Blum, Brayden McNabb - PP : Tyler Eckford - PK : Jonathan Blum, Brayden McNabb
Penalty Shots
Nigel Dawes, Niklas Sundstrom, Jeff Tambellini, Patrick O'Sullivan, Shean Donovan
% Time on Ice - Influenza
Lines # - Real PCT - Wanted PCT - Time Play
Normal Forward
1 - 33% - 40% - 16:43
2 - 31% - 30% - 16:09
3 - 20% - 20% - 10:27
4 - 16% - 10% - 8:04
Normal Defense
1 - 38% - 40% - 19:21
2 - 33% - 30% - 16:42
3 - 25% - 20% - 12:49
4 - 5% - 10% - 2:31
PP Forward
1 - 64% - 60% - 2:58
2 - 36% - 40% - 1:41
PP Defense
1 - 68% - 60% - 3:11
2 - 32% - 40% - 1:28
PK Forward
1 - 85% - 60% - 3:22
2 - 15% - 40% - 0:36
PK Defense
1 - 62% - 60% - 2:27
2 - 38% - 40% - 1:31
PK3 Forward
1 - 0% - 60%
2 - 0% - 40%
PK3 Defense
1 - 0% - 60%
2 - 0% - 40%
44 Forward
1 - 0% - 60%
2 - 0% - 40%
44 Defense
1 - 0% - 60%
2 - 0% - 40%
Last Minute Offensive - 0:00
Last Minute Defensive - 0:00
Total
Forward - 60:00
Defense - 60:00
|
% Time on Ice - Ice Dragons
Lines # - Real PCT - Wanted PCT - Time Play
Normal Forward
1 - 35% - 40% - 17:55
2 - 27% - 30% - 13:38
3 - 22% - 20% - 11:28
4 - 16% - 10% - 8:22
Normal Defense
1 - 37% - 40% - 19:09
2 - 29% - 30% - 14:46
3 - 19% - 20% - 9:38
4 - 15% - 10% - 7:50
PP Forward
1 - 54% - 60% - 2:09
2 - 46% - 40% - 1:49
PP Defense
1 - 58% - 60% - 2:19
2 - 42% - 40% - 1:39
PK Forward
1 - 79% - 60% - 3:40
2 - 21% - 40% - 0:59
PK Defense
1 - 66% - 60% - 3:04
2 - 34% - 40% - 1:35
PK3 Forward
1 - 0% - 60%
2 - 0% - 40%
PK3 Defense
1 - 0% - 60%
2 - 0% - 40%
44 Forward
1 - 0% - 60%
2 - 0% - 40%
44 Defense
1 - 0% - 60%
2 - 0% - 40%
Last Minute Offensive - 0:00
Last Minute Defensive - 0:00
Total
Forward - 60:00
Defense - 60:00
|
Play by Play
1st period
0:01 of 1st period - Martin Hanzal wins face-off versus Ryan Carter in neutral zone.
0:12 of 1st period - Snap shot by Martin Hanzal.
0:12 of 1st period - Stopped by Alex Stalock without a rebound.
0:13 of 1st period - Cody McCormick wins face-off versus Mats Zuccarello in Influenza zone.
0:20 of 1st period - Snap shot by Niklas Sundstrom.
0:20 of 1st period - Stopped by Alex Stalock without a rebound.
0:21 of 1st period - Cody McCormick wins face-off versus Patrick O'Sullivan in Influenza zone.
0:30 of 1st period - Wrist shot by Cody McCormick.
0:30 of 1st period - Stopped by Anders Nilsson with a rebound.
1:55 of 1st period - Snap shot by Ben Smith.
1:55 of 1st period - Shot Misses the Net.
1:57 of 1st period - Slapshot by Brian Salcido.
1:57 of 1st period - Deflect By Ben Smith.
1:57 of 1st period - Stopped by Anders Nilsson with a rebound.
3:05 of 1st period - Wrist shot by Brad Staubitz.
3:05 of 1st period - Deflect By Tim Kennedy.
3:05 of 1st period - Shot Misses the Net.
3:05 of 1st period - Puck is out of play.
3:06 of 1st period - Ryan Carter wins face-off versus Patrick O'Sullivan in Influenza zone.
3:19 of 1st period - Snap shot by Robbie Earl.
3:19 of 1st period - Stopped by Anders Nilsson without a rebound.
3:20 of 1st period - Cody McCormick wins face-off versus Martin Hanzal in Ice Dragons zone.
3:25 of 1st period - Snap shot by Ben Smith.
3:25 of 1st period - Shot Misses the Net.
3:45 of 1st period - Boris Valabik is hit by Martins Karsums and loses puck.
3:56 of 1st period - Snap shot by Martins Karsums.
3:56 of 1st period - Shot Misses the Net.
4:14 of 1st period - Slapshot by Tim Kennedy.
4:14 of 1st period - Shot Misses the Net.
4:16 of 1st period - Slapshot by Brayden McNabb.
4:16 of 1st period - Stopped by Alex Stalock with a rebound.
4:18 of 1st period - Snap shot by John Mitchell.
4:18 of 1st period - Shot Blocked by Matt Corrente.
4:20 of 1st period - Wrist shot by Tim Kennedy.
4:20 of 1st period - Stopped by Alex Stalock without a rebound.
4:21 of 1st period - Cody McCormick wins face-off versus Cal Clutterbuck in Influenza zone.
4:26 of 1st period - Martin Hanzal is hit by Ryan Russell.
4:53 of 1st period - Snap shot by Patrick O'Sullivan.
4:53 of 1st period - Shot Blocked by Noah Welch.
4:56 of 1st period - Icing by Noah Welch.
4:57 of 1st period - Martin Hanzal wins face-off versus Ryan Carter in Influenza zone.
5:33 of 1st period - Snap shot by Ryan Russell.
5:33 of 1st period - Shot Blocked by Niklas Sundstrom.
5:55 of 1st period - Slapshot by Jeremy Morin.
5:55 of 1st period - Shot Hit the Post.
6:05 of 1st period - Colby Robak is hit by Brad Staubitz and loses puck.
6:14 of 1st period - Snap shot by Tim Kennedy.
6:14 of 1st period - Stopped by Alex Stalock with a rebound.
6:34 of 1st period - Wrist shot by Martins Karsums.
6:34 of 1st period - Shot Misses the Net.
6:36 of 1st period - Snap shot by Robbie Earl.
6:36 of 1st period - Shot Misses the Net.
6:48 of 1st period - Matt Corrente is hit by Kevin Klein and loses puck.
7:34 of 1st period - Icing by Matt Corrente.
7:35 of 1st period - Ryan Carter wins face-off versus John Mitchell in Influenza zone.
7:40 of 1st period - Jonathan Blum is hit by Ryan Carter and loses puck.
7:47 of 1st period - Wrist shot by Ryan Carter.
7:47 of 1st period - Shot Misses the Net.
7:49 of 1st period - Snap shot by Ryan Carter.
7:49 of 1st period - Stopped by Anders Nilsson without a rebound.
7:50 of 1st period - Cody McCormick wins face-off versus Martin Hanzal in Ice Dragons zone.
8:03 of 1st period - Snap shot by Ben Smith.
8:03 of 1st period - Stopped by Anders Nilsson with a rebound.
8:48 of 1st period - Slapshot by Zac Dalpe.
8:48 of 1st period - Shot Blocked by Shean Donovan.
9:06 of 1st period - Kevin Klein is hit by Matt Corrente and loses puck.
10:24 of 1st period - Snap shot by Cal Clutterbuck.
10:24 of 1st period - Shot Blocked by Mathieu Carle.
10:26 of 1st period - Snap shot by Jeff Tambellini.
10:26 of 1st period - Stopped by Alex Stalock without a rebound.
10:27 of 1st period - Martin Hanzal wins face-off versus Ryan Carter in Influenza zone.
10:28 of 1st period - Wrist shot by Jeff Tambellini.
10:28 of 1st period - Shot Misses the Net.
10:42 of 1st period - Slapshot by Ryan Carter.
10:42 of 1st period - Stopped by Anders Nilsson with a rebound.
11:16 of 1st period - Snap shot by Andreas Engqvist.
11:16 of 1st period - Shot Misses the Net.
11:18 of 1st period - Slapshot by Colby Robak.
11:18 of 1st period - Stopped by Anders Nilsson without a rebound.
11:19 of 1st period - Martin Hanzal wins face-off versus Andreas Engqvist in Ice Dragons zone.
11:25 of 1st period - Backhand shot by Noah Welch.
11:25 of 1st period - Stopped by Anders Nilsson with a rebound.
11:27 of 1st period - Backhand shot by Noah Welch.
11:27 of 1st period - Deflect By Martin Hanzal.
11:27 of 1st period - Stopped by Anders Nilsson with a rebound.
11:29 of 1st period - Slapshot by Mathieu Carle.
11:29 of 1st period - Stopped by Anders Nilsson without a rebound.
11:30 of 1st period - Ryan Carter wins face-off versus Martin Hanzal in Ice Dragons zone.
12:21 of 1st period - Eric Wellwood is hit by Nigel Dawes and loses puck.
12:47 of 1st period - Minor Penalty to Brad Staubitz for Tripping.
12:48 of 1st period - Ryan Carter wins face-off versus Nigel Dawes in Ice Dragons zone.
12:52 of 1st period - Slapshot by Ryan Carter.
12:52 of 1st period - Deflect By Boris Valabik.
12:52 of 1st period - Stopped by Anders Nilsson without a rebound.
12:53 of 1st period - Nigel Dawes wins face-off versus Ryan Carter in Ice Dragons zone.
13:03 of 1st period - Off-side.
13:04 of 1st period - Nigel Dawes wins face-off versus Ryan Carter in neutral zone.
13:19 of 1st period - Wrist shot by Robbie Earl.
13:19 of 1st period - Goal by Robbie Earl - Influenza : 1 - Ice Dragons : 0.
13:20 of 1st period - Ryan Carter wins face-off versus Martin Hanzal in neutral zone.
13:22 of 1st period - Off-side.
13:23 of 1st period - Martin Hanzal wins face-off versus Ryan Carter in neutral zone.
13:36 of 1st period - Wrist shot by Robbie Earl.
13:36 of 1st period - Shot Misses the Net.
13:38 of 1st period - Slapshot by Noah Welch.
13:38 of 1st period - Shot Misses the Net.
13:48 of 1st period - Ben Smith is hit by Patrick O'Sullivan and loses puck.
13:55 of 1st period - Snap shot by Mats Zuccarello.
13:55 of 1st period - Stopped by Alex Stalock without a rebound.
13:56 of 1st period - Patrick O'Sullivan wins face-off versus Ryan Carter in Influenza zone.
14:48 of 1st period - Wrist shot by Andreas Engqvist.
14:48 of 1st period - Stopped by Anders Nilsson with a rebound.
14:50 of 1st period - Slapshot by Noah Welch.
14:50 of 1st period - Deflect By Matt Walker.
14:50 of 1st period - Stopped by Anders Nilsson without a rebound.
14:51 of 1st period - Marc-Antoine Pouliot wins face-off versus Andreas Engqvist in Ice Dragons zone.
14:51 of 1st period - Marc-Antoine Pouliot is hit by Mathieu Carle.
15:03 of 1st period - Slapshot by Noah Welch.
15:03 of 1st period - Goal by Noah Welch - Influenza : 2 - Ice Dragons : 0.
15:04 of 1st period - Martin Hanzal wins face-off versus Robbie Earl in neutral zone.
15:29 of 1st period - Boris Valabik is hit by Noah Welch and loses puck.
15:50 of 1st period - Wrist shot by Nigel Dawes.
15:50 of 1st period - Deflect By Marc-Antoine Pouliot.
15:50 of 1st period - Stopped by Alex Stalock with a rebound.
15:52 of 1st period - Slapshot by Kevin Klein.
15:52 of 1st period - Stopped by Alex Stalock without a rebound.
15:53 of 1st period - Martins Karsums wins face-off versus Marc-Antoine Pouliot in Influenza zone.
16:58 of 1st period - Off-side.
16:59 of 1st period - John Mitchell wins face-off versus Corey Tropp in neutral zone.
17:07 of 1st period - Tim Kennedy is hit by Andreas Engqvist and loses puck.
17:34 of 1st period - Wrist shot by Tim Kennedy.
17:34 of 1st period - Stopped by Alex Stalock without a rebound.
17:35 of 1st period - Martin Hanzal wins face-off versus Ryan Carter in Influenza zone.
17:36 of 1st period - Snap shot by Cal Clutterbuck.
17:36 of 1st period - Shot Hit the Post.
17:40 of 1st period - Slapshot by Martin Hanzal.
17:40 of 1st period - Stopped by Alex Stalock with a rebound.
17:42 of 1st period - Snap shot by Jeff Tambellini.
17:42 of 1st period - Shot Blocked by Mathieu Carle.
17:44 of 1st period - Wrist shot by Jeff Tambellini.
17:44 of 1st period - Shot Hit the Post.
17:46 of 1st period - Wrist shot by Tyler Eckford.
17:46 of 1st period - Shot Misses the Net.
18:09 of 1st period - Snap shot by Kevin Klein.
18:09 of 1st period - Shot Misses the Net.
18:31 of 1st period - Snap shot by Nigel Dawes.
18:31 of 1st period - Shot Misses the Net.
18:33 of 1st period - Slapshot by Nigel Dawes.
18:33 of 1st period - Deflect By Shean Donovan.
18:33 of 1st period - Shot Misses the Net.
18:33 of 1st period - Puck is out of play.
18:34 of 1st period - Ryan Carter wins face-off versus Martin Hanzal in Influenza zone.
19:11 of 1st period - Minor Penalty to Mats Zuccarello for Hooking.
19:12 of 1st period - Ryan Carter wins face-off versus Nigel Dawes in Ice Dragons zone.
19:16 of 1st period - Snap shot by Robbie Earl.
19:16 of 1st period - Shot Blocked by Boris Valabik.
19:18 of 1st period - Snap shot by Ryan Carter.
19:18 of 1st period - Stopped by Anders Nilsson with a rebound.
19:20 of 1st period - Wrist shot by Mathieu Carle.
19:20 of 1st period - Deflect By Shean Donovan.
19:20 of 1st period - Goal by Mathieu Carle - Influenza : 3 - Ice Dragons : 0.
19:21 of 1st period - Ryan Carter wins face-off versus Martin Hanzal in neutral zone.
19:25 of 1st period - Off-side.
19:26 of 1st period - Martin Hanzal wins face-off versus Ryan Carter in neutral zone.
Goals for this period are 3 for Influenza vs 0 for Ice Dragons.
Shots for this period are 17 for Influenza vs 11 for Ice Dragons.
2nd period
0:01 of 2nd period - Jeff Tambellini wins face-off versus Ryan Carter in neutral zone.
0:32 of 2nd period - Snap shot by Zac Dalpe.
0:32 of 2nd period - Shot Misses the Net.
0:34 of 2nd period - Snap shot by Noah Welch.
0:34 of 2nd period - Deflect By Mats Zuccarello.
0:34 of 2nd period - Stopped by Anders Nilsson with a rebound.
0:36 of 2nd period - Slapshot by Noah Welch.
0:36 of 2nd period - Shot Blocked by Jonathan Blum.
0:50 of 2nd period - Matt Corrente is hit by Tyler Eckford and loses puck.
1:13 of 2nd period - Wrist shot by Tim Kennedy.
1:13 of 2nd period - Stopped by Alex Stalock without a rebound.
1:14 of 2nd period - Martin Hanzal wins face-off versus Andreas Engqvist in Influenza zone.
1:30 of 2nd period - Cal Clutterbuck is hit by Adam Berti.
1:40 of 2nd period - Boris Valabik is hit by Robbie Earl and loses puck.
1:48 of 2nd period - Off-side.
1:49 of 2nd period - Ryan Carter wins face-off versus Martin Hanzal in neutral zone.
2:44 of 2nd period - Slapshot by John Mitchell.
2:44 of 2nd period - Shot Misses the Net.
3:19 of 2nd period - Slapshot by Cody McCormick.
3:19 of 2nd period - Stopped by Anders Nilsson with a rebound.
3:21 of 2nd period - Snap shot by Noah Welch.
3:21 of 2nd period - Shot Blocked by Cal Clutterbuck.
3:23 of 2nd period - Wrist shot by Ryan Russell.
3:23 of 2nd period - Stopped by Anders Nilsson with a rebound.
3:25 of 2nd period - Wrist shot by Ben Smith.
3:25 of 2nd period - Deflect By Cody McCormick.
3:25 of 2nd period - Shot Misses the Net.
3:25 of 2nd period - Puck is out of play.
3:26 of 2nd period - Ryan Carter wins face-off versus Patrick O'Sullivan in Ice Dragons zone.
3:53 of 2nd period - Carl Gunnarsson is hit by Shean Donovan and loses puck.
4:04 of 2nd period - Snap shot by Marc-Antoine Pouliot.
4:04 of 2nd period - Shot Blocked by Eric Wellwood.
4:06 of 2nd period - Snap shot by Shean Donovan.
4:06 of 2nd period - Ice Dragons goal is going for a video replay.
4:06 of 2nd period - The goal is refused. The referee deems the play has been stopped, even if he had not physically had the opportunity to stop play by blowing his whistle..
4:07 of 2nd period - Ryan Carter wins face-off versus Martin Hanzal in Influenza zone.
4:18 of 2nd period - Snap shot by Martins Karsums.
4:18 of 2nd period - Shot Blocked by Martin Hanzal.
4:34 of 2nd period - Snap shot by Adam Berti.
4:34 of 2nd period - Stopped by Anders Nilsson without a rebound.
4:35 of 2nd period - Patrick O'Sullivan wins face-off versus Zac Dalpe in Ice Dragons zone.
4:37 of 2nd period - Minor Penalty to Niklas Sundstrom for Hooking.
4:38 of 2nd period - Robbie Earl wins face-off versus Nigel Dawes in Ice Dragons zone.
4:38 of 2nd period - Snap shot by Martins Karsums.
4:38 of 2nd period - Stopped by Anders Nilsson with a rebound.
4:40 of 2nd period - Snap shot by Ryan Carter.
4:40 of 2nd period - Stopped by Anders Nilsson with a rebound.
4:42 of 2nd period - Slapshot by Noah Welch.
4:42 of 2nd period - Deflect By Robbie Earl.
4:42 of 2nd period - Shot Misses the Net.
4:42 of 2nd period - Puck is out of play.
4:43 of 2nd period - Nigel Dawes wins face-off versus Ryan Carter in Ice Dragons zone.
5:16 of 2nd period - Slapshot by Mathieu Carle.
5:16 of 2nd period - Shot Misses the Net.
5:56 of 2nd period - Ben Smith is hit by Boris Valabik and loses puck.
6:37 of 2nd period - Penalty to Niklas Sundstrom is over, Niklas Sundstrom is back on ice.
7:40 of 2nd period - Andreas Engqvist is hit by Patrick O'Sullivan and loses puck.
7:55 of 2nd period - Mats Zuccarello is hit by Eric Wellwood and loses puck.
8:24 of 2nd period - Brian Salcido is hit by Boris Valabik and loses puck.
8:41 of 2nd period - Cody McCormick is hit by Nigel Dawes.
8:56 of 2nd period - Snap shot by Martin Hanzal.
8:56 of 2nd period - Stopped by Alex Stalock with a rebound.
9:18 of 2nd period - Off-side.
9:19 of 2nd period - Marc-Antoine Pouliot wins face-off versus Ryan Russell in neutral zone.
9:45 of 2nd period - Cal Clutterbuck is hit by Matt Corrente and loses puck.
10:12 of 2nd period - Snap shot by Mats Zuccarello.
10:12 of 2nd period - Stopped by Alex Stalock without a rebound.
10:13 of 2nd period - Cody McCormick wins face-off versus Patrick O'Sullivan in Influenza zone.
10:46 of 2nd period - Carl Gunnarsson is hit by Kevin Klein.
10:48 of 2nd period - Snap shot by Robbie Earl.
10:48 of 2nd period - Shot Misses the Net.
11:02 of 2nd period - Snap shot by Nigel Dawes.
11:02 of 2nd period - Shot Blocked by Zac Dalpe.
11:04 of 2nd period - Snap shot by Shean Donovan.
11:04 of 2nd period - Goal by Shean Donovan - Influenza : 3 - Ice Dragons : 1.
11:05 of 2nd period - Ryan Carter wins face-off versus Martin Hanzal in neutral zone.
11:50 of 2nd period - Mathieu Carle is hit by Kevin Klein and loses puck.
12:38 of 2nd period - Slapshot by Martins Karsums.
12:38 of 2nd period - Deflect By Ryan Carter.
12:38 of 2nd period - Shot Blocked by Jeff Tambellini.
12:38 of 2nd period - Puck is out of play.
12:39 of 2nd period - Cal Clutterbuck wins face-off versus Ryan Carter in Ice Dragons zone.
12:39 of 2nd period - Cal Clutterbuck is hit by Robbie Earl.
13:10 of 2nd period - Snap shot by Matt Walker.
13:10 of 2nd period - Stopped by Alex Stalock with a rebound.
13:59 of 2nd period - Snap shot by Brad Staubitz.
13:59 of 2nd period - Stopped by Alex Stalock with a rebound.
14:15 of 2nd period - Snap shot by Robbie Earl.
14:15 of 2nd period - Stopped by Anders Nilsson with a rebound.
14:17 of 2nd period - Slapshot by Brian Salcido.
14:17 of 2nd period - Shot Blocked by Kevin Klein.
14:19 of 2nd period - Wrist shot by Colby Robak.
14:19 of 2nd period - Stopped by Anders Nilsson with a rebound.
14:21 of 2nd period - Snap shot by Martins Karsums.
14:21 of 2nd period - Shot Misses the Net.
15:15 of 2nd period - John Mitchell is hit by Martins Karsums and loses puck.
16:32 of 2nd period - Martins Karsums is hit by Shean Donovan and loses puck.
16:49 of 2nd period - Snap shot by Nigel Dawes.
16:49 of 2nd period - Stopped by Alex Stalock with a rebound.
17:01 of 2nd period - Wrist shot by Shean Donovan.
17:01 of 2nd period - Stopped by Alex Stalock with a rebound.
17:09 of 2nd period - Backhand shot by Shean Donovan.
17:09 of 2nd period - Stopped by Alex Stalock with a rebound.
17:11 of 2nd period - Slapshot by Nigel Dawes.
17:11 of 2nd period - Stopped by Alex Stalock with a rebound.
17:13 of 2nd period - Wrist shot by Nigel Dawes.
17:13 of 2nd period - Shot Misses the Net.
17:15 of 2nd period - Slapshot by Marc-Antoine Pouliot.
17:15 of 2nd period - Shot Misses the Net.
17:17 of 2nd period - Snap shot by Marc-Antoine Pouliot.
17:17 of 2nd period - Stopped by Alex Stalock with a rebound.
17:19 of 2nd period - Wrist shot by Shean Donovan.
17:19 of 2nd period - Shot Blocked by Brian Salcido.
17:25 of 2nd period - Wrist shot by Shean Donovan.
17:25 of 2nd period - Stopped by Alex Stalock with a rebound.
17:27 of 2nd period - Slapshot by Nigel Dawes.
17:27 of 2nd period - Shot Blocked by Ben Smith.
17:29 of 2nd period - Slapshot by Tyler Eckford.
17:29 of 2nd period - Shot Blocked by Colby Robak.
17:33 of 2nd period - Wrist shot by Nigel Dawes.
17:33 of 2nd period - Stopped by Alex Stalock with a rebound.
17:35 of 2nd period - Wrist shot by Jonathan Blum.
17:35 of 2nd period - Shot Blocked by Colby Robak.
17:39 of 2nd period - Snap shot by Nigel Dawes.
17:39 of 2nd period - Stopped by Alex Stalock without a rebound.
17:40 of 2nd period - Martins Karsums wins face-off versus Cal Clutterbuck in Influenza zone.
17:54 of 2nd period - Slapshot by Matt Corrente.
17:54 of 2nd period - Stopped by Anders Nilsson with a rebound.
17:56 of 2nd period - Snap shot by Martins Karsums.
17:56 of 2nd period - Shot Misses the Net.
18:08 of 2nd period - Wrist shot by Andreas Engqvist.
18:08 of 2nd period - Stopped by Anders Nilsson with a rebound.
18:10 of 2nd period - Slapshot by Corey Tropp.
18:10 of 2nd period - Shot Misses the Net.
18:12 of 2nd period - Slapshot by Noah Welch.
18:12 of 2nd period - Stopped by Anders Nilsson with a rebound.
18:14 of 2nd period - Snap shot by Mathieu Carle.
18:14 of 2nd period - Shot Blocked by Cal Clutterbuck.
18:28 of 2nd period - Kevin Klein is hit by Mathieu Carle and loses puck.
18:43 of 2nd period - Noah Welch is hit by Patrick O'Sullivan and loses puck.
18:54 of 2nd period - Ryan Russell is hit by John Mitchell and loses puck.
19:23 of 2nd period - Eric Mestery is hit by Adam Berti.
Goals for this period are 0 for Influenza vs 1 for Ice Dragons.
Shots for this period are 11 for Influenza vs 15 for Ice Dragons.
3rd period
0:01 of 3rd period - Martin Hanzal wins face-off versus Ryan Carter in neutral zone.
0:23 of 3rd period - Icing by Kevin Klein.
0:24 of 3rd period - Martin Hanzal wins face-off versus Cody McCormick in Ice Dragons zone.
0:35 of 3rd period - Slapshot by Ben Smith.
0:35 of 3rd period - Shot Blocked by Boris Valabik.
0:37 of 3rd period - Snap shot by Cody McCormick.
0:37 of 3rd period - Stopped by Anders Nilsson without a rebound.
0:38 of 3rd period - Martin Hanzal wins face-off versus Ryan Carter in Ice Dragons zone.
0:55 of 3rd period - Matt Walker is hit by Mathieu Carle and loses puck.
1:40 of 3rd period - Ryan Russell is hit by John Mitchell and loses puck.
1:49 of 3rd period - Ben Smith is hit by Boris Valabik and loses puck.
1:56 of 3rd period - Wrist shot by Nigel Dawes.
1:56 of 3rd period - Shot Misses the Net.
2:27 of 3rd period - Wrist shot by Ben Smith.
2:27 of 3rd period - Shot Misses the Net.
3:51 of 3rd period - Slapshot by Noah Welch.
3:51 of 3rd period - Deflect By Nigel Dawes.
3:51 of 3rd period - Stopped by Anders Nilsson with a rebound.
3:56 of 3rd period - Off-side.
3:57 of 3rd period - Ryan Carter wins face-off versus Martin Hanzal in neutral zone.
3:59 of 3rd period - Off-side.
4:00 of 3rd period - Martin Hanzal wins face-off versus Ryan Carter in neutral zone.
4:07 of 3rd period - Wrist shot by Jeff Tambellini.
4:07 of 3rd period - Stopped by Alex Stalock without a rebound.
4:08 of 3rd period - Ryan Carter wins face-off versus Martin Hanzal in Influenza zone.
4:08 of 3rd period - Matt Corrente is hit by Cal Clutterbuck and loses puck.
4:42 of 3rd period - Snap shot by Martins Karsums.
4:42 of 3rd period - Stopped by Anders Nilsson without a rebound.
4:43 of 3rd period - Zac Dalpe wins face-off versus Martin Hanzal in Ice Dragons zone.
4:44 of 3rd period - Snap shot by Jeremy Morin.
4:44 of 3rd period - Shot Blocked by Danny Syvret.
4:46 of 3rd period - Snap shot by Jeremy Morin.
4:46 of 3rd period - Stopped by Anders Nilsson with a rebound.
5:42 of 3rd period - Minor Penalty to Martins Karsums for High sticking.
5:43 of 3rd period - Robbie Earl wins face-off versus Martin Hanzal in Influenza zone.
6:07 of 3rd period - Noah Welch is hit by Boris Valabik and loses puck.
7:11 of 3rd period - Icing by Mats Zuccarello.
7:12 of 3rd period - Robbie Earl wins face-off versus Martin Hanzal in Ice Dragons zone.
7:42 of 3rd period - Penalty to Martins Karsums is over, Martins Karsums is back on ice.
7:53 of 3rd period - Minor Penalty to Brad Staubitz for Hooking.
7:54 of 3rd period - Nigel Dawes wins face-off versus Martins Karsums in Ice Dragons zone.
9:53 of 3rd period - Penalty to Brad Staubitz is over, Brad Staubitz is back on ice.
10:01 of 3rd period - Wrist shot by Jeremy Morin.
10:01 of 3rd period - Stopped by Anders Nilsson without a rebound.
10:02 of 3rd period - Zac Dalpe wins face-off versus Patrick O'Sullivan in Ice Dragons zone.
10:03 of 3rd period - Snap shot by Jeremy Morin.
10:03 of 3rd period - Stopped by Anders Nilsson with a rebound.
10:05 of 3rd period - Wrist shot by Zac Dalpe.
10:05 of 3rd period - Goal by Zac Dalpe - Influenza : 4 - Ice Dragons : 1.
10:06 of 3rd period - Martin Hanzal wins face-off versus Robbie Earl in neutral zone.
10:21 of 3rd period - Snap shot by Ryan Carter.
10:21 of 3rd period - Deflect By Robbie Earl.
10:21 of 3rd period - Goal by Robbie Earl - Influenza : 5 - Ice Dragons : 1.
10:22 of 3rd period - Martin Hanzal wins face-off versus Ryan Carter in neutral zone.
11:39 of 3rd period - Wrist shot by John Mitchell.
11:39 of 3rd period - Stopped by Alex Stalock with a rebound.
12:00 of 3rd period - Snap shot by Martins Karsums.
12:00 of 3rd period - Shot Misses the Net.
12:02 of 3rd period - Snap shot by Ryan Carter.
12:02 of 3rd period - Shot Blocked by Brayden McNabb.
12:04 of 3rd period - Slapshot by Colby Robak.
12:04 of 3rd period - Shot Blocked by Martin Hanzal.
12:06 of 3rd period - Slapshot by Colby Robak.
12:06 of 3rd period - Stopped by Anders Nilsson with a rebound.
12:08 of 3rd period - Slapshot by Brian Salcido.
12:08 of 3rd period - Stopped by Anders Nilsson with a rebound.
12:22 of 3rd period - Snap shot by Patrick O'Sullivan.
12:22 of 3rd period - Shot Misses the Net.
12:24 of 3rd period - Slapshot by Brayden McNabb.
12:24 of 3rd period - Shot Hit the Post.
12:26 of 3rd period - Slapshot by Patrick O'Sullivan.
12:26 of 3rd period - Stopped by Alex Stalock with a rebound.
12:45 of 3rd period - Minor Penalty to Ben Smith for Elbowing.
12:46 of 3rd period - Martin Hanzal wins face-off versus Robbie Earl in Influenza zone.
12:56 of 3rd period - Wrist shot by Robbie Earl.
12:56 of 3rd period - Shot Blocked by Boris Valabik.
14:45 of 3rd period - Penalty to Ben Smith is over, Ben Smith is back on ice.
14:55 of 3rd period - Snap shot by Carl Gunnarsson.
14:55 of 3rd period - Stopped by Anders Nilsson without a rebound.
14:56 of 3rd period - John Mitchell wins face-off versus Cody McCormick in Ice Dragons zone.
15:03 of 3rd period - Snap shot by Brad Staubitz.
15:03 of 3rd period - Shot Misses the Net.
15:05 of 3rd period - Slapshot by Tim Kennedy.
15:05 of 3rd period - Shot Misses the Net.
15:07 of 3rd period - Snap shot by Brayden McNabb.
15:07 of 3rd period - Deflect By Tim Kennedy.
15:07 of 3rd period - Shot Misses the Net.
15:07 of 3rd period - Puck is out of play.
15:08 of 3rd period - John Mitchell wins face-off versus Ryan Carter in Influenza zone.
15:09 of 3rd period - Snap shot by Tim Kennedy.
15:09 of 3rd period - Shot Hit the Post.
15:14 of 3rd period - Off-side.
15:15 of 3rd period - Ryan Carter wins face-off versus John Mitchell in neutral zone.
15:18 of 3rd period - Wrist shot by Martins Karsums.
15:18 of 3rd period - Shot Misses the Net.
15:36 of 3rd period - John Mitchell is hit by Martins Karsums and loses puck.
15:57 of 3rd period - Slapshot by Matt Corrente.
15:57 of 3rd period - Stopped by Anders Nilsson with a rebound.
15:59 of 3rd period - Slapshot by Carl Gunnarsson.
15:59 of 3rd period - Stopped by Anders Nilsson without a rebound.
16:00 of 3rd period - Zac Dalpe wins face-off versus Martin Hanzal in Ice Dragons zone.
16:34 of 3rd period - Slapshot by Niklas Sundstrom.
16:34 of 3rd period - Shot Misses the Net.
17:04 of 3rd period - Wrist shot by Niklas Sundstrom.
17:04 of 3rd period - Deflect By Colby Robak.
17:04 of 3rd period - Stopped by Alex Stalock without a rebound.
17:05 of 3rd period - Martin Hanzal wins face-off versus Ryan Carter in Influenza zone.
17:06 of 3rd period - Snap shot by Jeff Tambellini.
17:06 of 3rd period - Shot Blocked by Noah Welch.
17:12 of 3rd period - Slapshot by Ryan Carter.
17:12 of 3rd period - Goal by Ryan Carter - Influenza : 6 - Ice Dragons : 1.
17:13 of 3rd period - Ryan Carter wins face-off versus Martin Hanzal in neutral zone.
17:38 of 3rd period - Mathieu Carle is hit by Niklas Sundstrom and loses puck.
18:05 of 3rd period - Zac Dalpe is hit by Shean Donovan and loses puck.
18:31 of 3rd period - Snap shot by Jeff Tambellini.
18:31 of 3rd period - Stopped by Alex Stalock without a rebound.
18:32 of 3rd period - Martin Hanzal wins face-off versus Ryan Carter in Influenza zone.
19:43 of 3rd period - Snap shot by Martin Hanzal.
19:43 of 3rd period - Shot Misses the Net.
19:49 of 3rd period - Jeff Tambellini is hit by Adam Berti and loses puck.
Goals for this period are 3 for Influenza vs 0 for Ice Dragons.
Shots for this period are 14 for Influenza vs 5 for Ice Dragons.
Output by the SimonT Hockey Simulator (STHS) for François Prévost -- Original Page W3C XHTML 1.0 Valid